 Dungeon Crawl Stone Soup version 0.28-a0-580-ga2639ab843 (webtiles) character file.

Game seed: 14178333321006514393

618787 miscthings the Necromancer (level 27, -7/138 HPs)
             Began as a Vine Stalker Cinder Acolyte on Sept 30, 2021.
             Was the Champion of Makhleb.
             Mangled by an angel (10 damage)
             ... summoned by a seraph
             ... in Pandemonium on Oct 2, 2021.
             The game lasted 03:28:01 (57938 turns).

miscthings the Necromancer (VSCA)                  Turns: 57938, Time: 03:28:02

Health: -7/138     AC: 27    Str: 32    XL:     27
Magic:  0/43       EV: 19    Int: 43    God:    Makhleb [******]
Gold:   5777       SH: 17    Dex: 18    Spells: 1/56 levels left

rFire   + + +      SeeInvis +   u - +9 eveningstar (flame)
rCold   + + .      Faith    .   c - +2 shield of Resistance {rF++ rC++ Will++}
rNeg    + . .      Spirit   +   J - +5 ring mail of Taoq {Str+5 Int+8 Dex-4}
rPois   .          Reflect  .   j - +2 helmet {Int+3}
rElec   +          Harm     .   q - +0 cloak of Hiyz {Fly rF+ rCorr}
rCorr   +          Rampage  .   G - +2 pair of gloves of Luinae {Int+7 Dex+4}
Will    +++++                   i - +0 pair of boots of the Enchanted Forest {+Inv Str+3}
Stlth   +.........              U - amulet "Iqeorehi" {Drain rN+ Regen+ Str+4 Dex+2}
HPRegen 3.33/turn               e - ring of Evouck {rElec AC+4}
MPRegen 0.28/turn               b - ring of Oceahawk {Will+ Int+7 SInv}

@: flying, glowing
A: fangs 3, regeneration 2, magic shield, antimagic bite, no potion heal 2,
talons 1, strong-willed 1
}: 4/15 runes: decaying, serpentine, slimy, abyssal
a: Renounce Religion, Evoke Invisibility, Minor Destruction, Lesser Servant of
Makhleb, Major Destruction, Greater Servant of Makhleb


You were in Pandemonium.
You worshipped Makhleb.
Makhleb was exalted by your worship.
You visited 12 branches of the dungeon, and saw 56 of its levels.
You visited Pandemonium 1 time, and saw 2 of its levels.
You visited the Abyss 1 time.
You visited 1 bazaar.
You visited 1 ziggurat, and saw 7 of its levels.
You also visited: Wizlab.

You collected 8491 gold pieces.
You spent 2714 gold pieces at shops.

Inventory:

Hand Weapons
 u - a +9 eveningstar of flaming (weapon)
 A - a +3 sacred scourge of holy wrath
 C - the +10 flail of Putrescence {venom, rElec rPois rN+}
   (You bought it in a shop on level 4 of the Snake Pit)

   It poisons the flesh of those it strikes.
   rElec:     It insulates you from electricity.
   rPois:     It protects you from poison.
   rN:        It protects you from negative energy.
Missiles
 z - 4 curare-tipped darts
 K - 3 throwing nets (quivered)
Armour
 c - the +2 shield of Resistance (worn) {rF++ rC++ Will++}
   (You acquired it on level 1 of the Vaults)

   rF:        It greatly protects you from fire.
   rC:        It greatly protects you from cold.
   Will:      It greatly increases your willpower.
 i - the +0 pair of boots of the Enchanted Forest (worn) {+Inv Str+3}
   (You found it in a wizard's laboratory)

   Str:       It affects your strength (+3).
   +Inv:      It lets you turn invisible.
 j - a +2 helmet of intelligence (worn)
 q - the +0 cloak of Hiyz (worn) {Fly rF+ rCorr}
   (You acquired it on level 3 of the Swamp)

   rF:        It protects you from fire.
   Fly:       It grants you flight.
   rCorr:     It protects you from acid and corrosion.
 y - a +2 cloak of willpower
 G - the +2 pair of gloves of Luinae (worn) {Int+7 Dex+4}
   (You acquired it on level 8 of the Dungeon)

   Int:       It affects your intelligence (+7).
   Dex:       It affects your dexterity (+4).
 J - the +5 ring mail of Taoq (worn) {Str+5 Int+8 Dex-4}
   (You found it on level 13 of the Dungeon)

   Str:       It affects your strength (+5).
   Int:       It affects your intelligence (+8).
   Dex:       It affects your dexterity (-4).
 Q - the +10 chain mail of Exclusion {Fly rElec}
   (You bought it in a shop on level 2 of the Vaults)

   rElec:     It insulates you from electricity.
   Fly:       It grants you flight.
Jewellery
 b - the ring of Oceahawk (right hand) {Will+ Int+7 SInv}
   (You acquired it on level 8 of the Dungeon)

   [ring of willpower]

   Int:       It affects your intelligence (+7).
   SInv:      It lets you see invisible.
   Will:      It increases your willpower.
 d - the ring of Acuw {Ice Str+2 Int+4 Dex+4}
   (You found it in a wizard's laboratory)

   [ring of ice]

   It enhances your ice magic.
   Str:       It affects your strength (+2).
   Int:       It affects your intelligence (+4).
   Dex:       It affects your dexterity (+4).
   rF:        It makes you vulnerable to fire.
   rC:        It protects you from cold.
 e - the ring of Evouck (left hand) {rElec AC+4}
   (You took it off a deep elf annihilator on level 3 of the Elven Halls)

   [ring of protection]

   AC:        It affects your AC (+4).
   rElec:     It insulates you from electricity.
 f - the ring "Saduxtad" {Fire Will+ MP+9}
   (You found it on level 4 of a ziggurat)

   [ring of fire]

   It enhances your fire magic.
   rF:        It protects you from fire.
   rC:        It makes you vulnerable to cold.
   MP:        It affects your magic capacity (+9).
   Will:      It increases your willpower.
 l - a ring of wizardry
 v - the ring of Oseix Cuho {rN++ Will- Str+3 Int+4 Dex+6}
   (You found it on level 5 of a ziggurat)

   [ring of dexterity]

   Str:       It affects your strength (+3).
   Int:       It affects your intelligence (+4).
   Dex:       It affects your dexterity (+6).
   rN:        It greatly protects you from negative energy.
   Will:      It decreases your willpower.
 B - the ring "Docergh" {rF+ rN+ Int-5 Slay+5 SInv}
   (You bought it in a shop on level 3 of the Snake Pit)

   [ring of protection from fire]

   Int:       It affects your intelligence (-5).
   Slay:      It affects your accuracy & damage with ranged weapons and melee
   (+5).
   rF:        It protects you from fire.
   rN:        It protects you from negative energy.
   SInv:      It lets you see invisible.
 U - the amulet "Iqeorehi" (around neck) {Drain rN+ Regen+ Str+4 Dex+2}
   (You took it off a deep elf death mage on level 3 of the Elven Halls)

   [amulet of regeneration]

   Str:       It affects your strength (+4).
   Dex:       It affects your dexterity (+2).
   rN:        It protects you from negative energy.
   Regen:     It increases your rate of health regeneration.
   Drain:     It drains your maximum health when unequipped.
Wands
 h - a wand of paralysis (49)
 D - a wand of acid (39)
 F - a wand of iceblast (56)
 S - a wand of digging (38)
Scrolls
 m - 5 scrolls of immolation
 n - 12 scrolls of teleportation
 o - 14 scrolls of fear
 p - 6 scrolls of fog
 w - 7 scrolls of vulnerability
 I - 5 scrolls of summoning
 N - 7 scrolls of blinking
 T - 10 scrolls of magic mapping
Potions
 a - 3 potions of flight
 g - 33 potions of curing
 k - 3 potions of ambrosia
 r - 12 potions of mutation
 s - 9 potions of brilliance
 t - 22 potions of haste
 x - 4 potions of invisibility
 E - 12 potions of lignification
 O - 6 potions of might
 P - 13 potions of cancellation
 W - 8 potions of attraction
 Y - 3 potions of resistance
 Z - 6 potions of magic
Miscellaneous
 L - a phantom mirror (inert)
 M - a condenser vane
 V - a tin of tremorstones (2/2)


   Skills:
 - Level 12.4 Fighting
 - Level 12.0 Short Blades
 - Level 16.0 Maces & Flails
 + Level 14.0 Armour
 + Level 12.7 Dodging
 - Level 0.1 Stealth
 - Level 17.3 Shields
 - Level 15.0 Spellcasting
 - Level 11.0 Conjurations
 + Level 18.5 Necromancy
 - Level 17.0 Transmutations
 - Level 5.2 Fire Magic
 - Level 4.0 Air Magic
 - Level 8.0 Earth Magic
 - Level 10.0 Evocations


You had one spell level left.
You knew the following spells:

 Your Spells              Type           Power      Damage    Failure   Level
a - Borgnjor's Vile Clut  Necr/Erth      49%        N/A       1%          5
c - Lehudib's Crystal Sp  Conj/Erth      42%        10d10     82%         8
d - Statue Form           Tmut/Erth      64%        N/A       1%          6
e - Iron Shot             Conj/Erth      42%        9d8       3%          6
p - Borgnjor's Revivific  Necr           56%        N/A       3%          8
v - Conjure Ball Lightni  Conj/Air       38%        3x3d12    8%          6
x - Infestation           Necr           56%        N/A       3%          8
z - Necromutation         Tmut/Necr      55%        N/A       4%          8

Your spell library contained the following spells:

 Spells                   Type           Power      Damage    Failure   Level
 Animate Skeleton         Necr           100%       N/A       0%          1
 Magic Dart               Conj           100%       1d8       0%          1
 Apportation              Tloc           64%        N/A       1%          1
 Freeze                   Ice            100%       1d11      1%          1
 Sandblast                Erth           100%       2d20      1%          1
 Shock                    Conj/Air       100%       1d9       1%          1
 Sting                    Tmut/Pois      100%       1d8       1%          1
 Summon Small Mammal      Summ           100%       N/A       1%          1
 Corpse Rot               Necr/Air       N/A        N/A       0%          2
 Passwall                 Tmut/Erth      80%        N/A       0%          2
 Sublimation of Blood     Necr           56%        N/A       0%          2
 Wereblood                Tmut           100%       N/A       0%          2
 Vampiric Draining        Necr           56%        2d14      0%          3
 Animate Dead             Necr           56%        N/A       0%          4
 Dispel Undead            Necr           100%       3d31      0%          4
 Agony                    Necr           100%       N/A       0%          5
 Excruciating Wounds      Necr           56%        N/A       0%          5
 Call Imp                 Summ           32%        N/A       1%          2
 Ensorcelled Hibernation  Hex/Ice        64%        N/A       1%          2
 Poisonous Vapours        Pois/Air       98%        N/A       1%          2
 Scorch                   Fire           100%       2d10      1%          2
 Searing Ray              Conj           100%       2d8       1%          2
 Slow                     Hex            32%        N/A       1%          2
 Static Discharge         Conj/Air       77%        N/A       1%          2
 Dazzling Flash           Conj/Hex       100%       N/A       1%          3
 Ignite Poison            Fire/Tmut/Pois 77%        N/A       1%          3
 Mephitic Cloud           Conj/Pois/Air  66%        N/A       1%          3
 Spider Form              Tmut/Pois      40%        N/A       1%          3
 Stone Arrow              Conj/Erth      100%       3d13      1%          3
 Swiftness                Air            61%        N/A       1%          3
 Airstrike                Air            30%        N/A       1%          4
 Flame Wave               Conj/Fire      80%        3d14      1%          4
 Fulminant Prism          Conj/Hex       34%        3d16      1%          4
 Hailstorm                Conj/Ice       68%        3d14      1%          4
 Ice Form                 Ice/Tmut       81%        N/A       1%          4
 Iskenderun's Mystic Bla  Conj/Tloc      68%        2d14      1%          4
 Petrify                  Tmut/Erth      96%        N/A       1%          4
 Alistair's Intoxication  Tmut/Pois      54%        N/A       1%          5
 Blade Hands              Tmut           54%        N/A       1%          5
 Fireball                 Conj/Fire      40%        3d16      1%          5
 Irradiate                Conj/Tmut      50%        3d30      1%          5
 Iskenderun's Battlesphe  Conj           91%        2d14      1%          5
 Lightning Bolt           Conj/Air       38%        1d57      1%          5
 Yara's Violent Unravell  Hex/Tmut       40%        3d16      1%          5
 Death Channel            Necr           56%        N/A       1%          6
 Dragon Form              Tmut           54%        N/A       1%          7
 Confusing Touch          Hex            32%        N/A       3%          3
 Frozen Ramparts          Ice            64%        1d8       3%          3
 Gell's Gravitas          Tloc           16%        N/A       3%          3
 Ozocubu's Armour         Ice            32%        N/A       3%          3
 Portal Projectile        Hex/Tloc       64%        N/A       3%          3
 Summon Guardian Golem    Hex/Summ       32%        N/A       3%          3
 Teleport Other           Tloc           32%        N/A       3%          3
 Freezing Cloud           Conj/Ice/Air   33%        6-21      3%          5
 Simulacrum               Ice/Necr       42%        N/A       3%          6
 Summon Lightning Spire   Summ/Air       49%        N/A       4%          4
 Eringya's Noxious Bog    Tmut/Pois      40%        N/A       4%          6
 Starburst                Conj/Fire      40%        6d11      6%          6
 Orb of Destruction       Conj           45%        9d15      10%         7
 Olgreb's Toxic Radiance  Pois           32%        N/A       11%         4
 Passage of Golubria      Tloc           N/A        N/A       11%         4
 Summon Ice Beast         Ice/Summ       32%        N/A       11%         4
 Storm Form               Tmut/Air       44%        N/A       12%         7
 Silence                  Hex/Air        24%        N/A       13%         5
 Haunt                    Necr/Summ      42%        N/A       21%         7
 Metabolic Englaciation   Hex/Ice        16%        N/A       30%         5
 Summon Forest            Summ/Tloc      16%        N/A       30%         5
 Summon Mana Viper        Hex/Summ       32%        N/A       30%         5
 Death's Door             Necr           56%        N/A       50%         9
 Spellforged Servitor     Conj/Summ      34%        N/A       67%         7
 Dispersal                Tloc           16%        N/A       86%         6
 Invisibility             Hex            16%        N/A       86%         6
 Summon Cactus Giant      Summ           16%        N/A       86%         6
 Monstrous Menagerie      Summ           16%        N/A       100%        7
 Ozocubu's Refrigeration  Ice            16%        4d8       100%        7
 Summon Hydra             Summ           16%        N/A       100%        7
 Maxwell's Capacitive Co  Air            30%        ∞         100%        8


Dungeon Overview and Level Annotations

Branches:
Dungeon (15/15)            Temple (1/1) D:7            Lair (6/6) D:8
  Swamp (4/4) Lair:2        Snake (4/4) Lair:4        Slime (5/5) Lair:6
    Orc (2/2) D:10            Elf (3/3) Orc:2        Vaults (4/5) D:13
  Crypt (3/3) Vaults:3       Tomb (0/3) Crypt:3      Depths (4/4) D:15
    Zot (5/5) Depths:4     WizLab (visited)

Altars:
Ashenzari
Cheibriados
Dithmenos
Elyvilon
Fedhas
Gozag
Hepliaklqana
Kikubaaqudgha
Makhleb
Nemelex Xobeh
Okawaru
Qazlal
Ru
Sif Muna
Trog
Uskayaw
Vehumet
Wu Jian
Xom
Yredelemnul
Zin
The Shining One
Beogh
Jiyva

Shops:
D:12 (   Orc:2 **[!!   Snake:3 ?=(!   Snake:4 (([?(   Vaults:1 [   Vaults:2 (([
Vaults:3 !   Zot:2 *   Depths:1 !   Depths:2 :=:

Portals:
Hell: Depths:1 Depths:2 Depths:3 Depths:4
Abyss: Depths:1 Depths:3
Pandemonium: Depths:2 Depths:4

Annotations:
Elf:2 3 runed translucent doors
Zot:5 1 exclusion


Innate Abilities, Weirdness & Mutations

You have razor-sharp teeth.
You heal very quickly.
When hurt, damage is shared between your health and your magic reserves.
Your bite disrupts and absorbs the magic of your enemies.
Potions cannot restore your health.
You have sharp toenails.
You are strong-willed. (Will+)


Message History

Unknown command.
Aiming: Dig
Press: ? - help, Shift-Dir - straight line A wall of the weird stuff which makes up Pandemonium.
This square is lit by a halo.
The weird stuff shatters into small pieces.
The apis closely misses you. The angel hits you but does no damage.
You block the angel's attack.
The cherub's eagle-head screeches!
The angel no longer looks unusually strong. x2
The angel hits you but does no damage. You block the angel's attack.
The cherub sings a powerful hymn!
The angel goes into a battle-frenzy!
You block the angel's attack. x2
The angel hits you with a +3 sacred scourge of holy wrath!!
You block the angel's attack.
You bludgeon the angel!! You burn the angel! Your bite misses the angel.
The angel is moderately wounded.
You block the angel's attack. The angel closely misses you.
You bludgeon the angel!! You burn the angel!
You bite the angel, but do no damage.
The angel is severely wounded.
The angel completely misses you. You block the angel's attack.
You closely miss the angel. Your bite misses the angel.
The angel is severely wounded.
The angel hits you with a +3 sacred scourge of holy wrath!!
* * * LOW HITPOINT WARNING * * *
You block the angel's attack.
You miss the angel. Your bite misses the angel.
The angel is severely wounded.
The angel misses you. You block the angel's attack.
You closely miss the angel. Your bite misses the angel.
The angel is severely wounded.
The angel hits you with a +3 sacred scourge of holy wrath!!
* * * LOW HITPOINT WARNING * * *
The angel misses you.
The angel hits you with a +3 sacred scourge of holy wrath!
* * * LOW HITPOINT WARNING * * *
The angel hits you with a +3 sacred scourge of holy wrath!
You die...

####### ######≈≈≈≈≈####
#####....≈≈###....#####
##.....[..#.# ###......#
#........#.# ###.†......
#......@#.# ##..#..###..
##....A#.####....####### ###
######.###....####..###
...#########.## ##...# ##..##
.........§§Y########## ##..^
.........§.§....##### ####..
.........§§§).......#####....#
8.......8G....###.....##..#..#
........A..G)....###.........###


You could see an angel (summoned, strong).

Vanquished Creatures
  the Royal Jelly (Slime:5)
  The ghost of Ytolar the Conqueror, a legendary DsFi of Jiyva (Zot:4)
  An ancient lich (Crypt:3)
  3 orbs of fire
  A juggernaut (Depths:4)
  Frederick (Crypt:1)
  Saint Roka (Vaults:4)
  Vashnia (Snake:4)
  11 caustic shrikes
  4 curse toes
  The ghost of Usuebad the Warrior, an adept DgCj (Depths:2)
  3 bone dragons
  A pandemonium lord (Zig:3)
  A profane servitor (Crypt:3)
  7 golden dragons
  2 pearl dragons (Pan)
  3 electric golems
  A doom hound (Zig:7)
  24 tentacled monstrosities
  3 tainted leviathans (Zig:7)
  6 liches
  8 quicksilver dragons
  2 deep elf blademasters (Elf:3)
  A titan (Vaults:2)
  5 Orb Guardians (Zot:5)
  14 acid blobs
  3 deep elf master archers
  2 sphinxes
  3 ancient champions
  Frances (Swamp:2)
  4 thorn hunters (Swamp:4)
  5 death cobs
  A tentacled starspawn (Abyss:2)
  Kirke (Lair:4)
  3 shadow dragons
  12 storm dragons
  Donald (Snake:4)
  6 draconian monks
  7 fire giants
  20 daevas (Pan)
  5 draconian scorchers
  2 nagarajas (Snake:4)
  8 tengu reavers
  7 rockslimes
  14 azure jellies
  3 revenants
  7 deep elf sorcerers
  3 draconian knights (Zot:4)
  6 fenstrider witches
  An orc warlord (Vaults:2)
  6 frost giants
  Aizul (Snake:4)
  An emperor scorpion (Zig:6)
  3 ghost moths
  5 cacodemons (Depths:2)
  5 ghouls
  A juggernaut zombie (Depths:2)
  2 deep elf elementalists
  7 vault wardens
  4 spectral caustic shrikes (Depths:1)
  Louise (Elf:1)
  4 draconian shifters
  5 draconian stormcallers
  12 angels
  A curse skull (Crypt:2)
  A spriggan defender (Depths:4)
  9 ironbound preservers
  5 ophanim (Pan)
  24 very ugly things
  A reaper (Swamp:4)
  5 draconian annihilators
  6 quicksilver oozes
  A juggernaut skeleton (Crypt:2)
  5 vampire knights
  9 stone giants
  8 war gargoyles
  15 apis (Pan)
  10 black draconians
  2 deep elf annihilators (Elf:3)
  5 deep elf demonologists
  10 yellow draconians
  17 purple draconians
  10 red draconians
  13 white draconians
  15 green draconians
  A putrid mouth (Zig:7)
  9 bunyips
  3 dire elephants
  8 entropy weavers
  A lorocyproca (Depths:4)
  8 ettins
  4 spark wasps
  6 eleionomae
  An eidolon (Crypt:1)
  7 deep elf death magi
  25 jiangshi
  2 green deaths
  A crystal guardian (WizLab)
  5 fire dragons
  10 great orbs of eyes
  12 yaktaur captains
  2 shambling mangroves
  Fannar (D:12)
  9 ice dragons
  2 deep elf high priests (Elf:3)
  A monstrous demonspawn (Depths:2)
  15 hydras
  8 naga warriors
  A merfolk avatar (Lair:6)
  A quicksilver dragon skeleton (Crypt:3)
  4 vault guards
  14 ironbound thunderhulks
  7 shock serpents
  5 salamander tyrants
  7 rakshasas
  3 boulder beetles
  3 ghost crabs
  8 ironbound frosthearts
  3 ogre magi (Swamp:4)
  3 spriggan air magi
  9 peacekeepers
  Erica (D:9)
  3 centaur warriors
  2 alligators
  An anaconda (shapeshifter) (Depths:2)
  22 dancing weapons
  9 two-headed ogres
  10 anacondas
  5 deep troll shamans
  A satyr (Abyss:5)
  12 death yaks
  4 death knights
  A spectral naga (Crypt:3)
  7 deep troll earth magi
  5 spriggan berserkers
  8 thrashing horrors
  9 deep elf knights
  The ghost of crescentfresh the Nimble, a journeyman FeBe of Trog (D:12)
  11 vampire magi
  A shock serpent (shapeshifter) (Vaults:1)
  3 soul eaters
  3 sun demons
  4 orc high priests (Orc:2)
  3 wretched stars
  A crystal echidna (Zig:5)
  Urug (Lair:4)
  Sonja (Lair:1)
  11 naga sharpshooters
  19 spriggans
  5 hell knights (Depths:3)
  3 shadow wraiths (Crypt:3)
  4 sixfirhies
  8 iron trolls
  A ghost moth zombie (Crypt:1)
  An iron giant zombie (Crypt:1)
  8 salamander mystics
  22 skeletal warriors
  8 spriggan druids
  9 sea snakes
  A spatial maelstrom (Abyss:4)
  11 cherubim (Pan)
  A glowing orange brain (shapeshifter) (Depths:2)
  An infernal demonspawn (Depths:2)
  A shadow demon (Zig:3)
  8 goliath frogs
  6 swamp dragons
  9 wizards
  An entropy weaver zombie (Crypt:1)
  An obsidian statue (Zig:1)
  12 phantasmal warriors
  5 bog bodies
  2 orange crystal statues (Zig:1)
  39 deep trolls
  17 ironbound convokers
  9 glowing orange brains
  2 naga ritualists (Snake:4)
  2 harpies (Lair:6)
  7 deep elf archers
  6 orc knights
  Pikel (D:4)
  13 deep elf zephyrmancers
  A harpy (shapeshifter) (Elf:3)
  9 flayed ghosts
  8 necromancers
  24 deep elf pyromancers
  2 mana vipers (Snake:2)
  14 lindwurms
  A fire giant zombie (Depths:2)
  A wolf spider (shapeshifter) (Depths:2)
  7 orc sorcerers
  45 ugly things
  3 cyclopes
  5 oklob plants (Lair:6)
  An orb spider (shapeshifter) (Depths:2)
  2 manticores
  18 salamanders
  3 will-o-the-wisps
  25 moths of wrath
  4 worldbinders
  2 elf zombies
  24 black mambas
  2 water nymphs (Abyss:5)
  15 vault sentinels
  Maurice (D:9)
  A cyclops (shapeshifter) (Depths:2)
  21 elephants
  3 guardian serpents
  An ice statue (Zig:1)
  3 orange demons
  6 eyes of devastation
  2 rust devils
  9 naga magi
  6 gargoyles
  12 cane toads
  3 molten gargoyles
  3 torpor snails
  Maggie (D:8)
  12 rime drakes
  2 hellions
  3 smoke demons
  2 spriggan zombies
  Psyche (D:9)
  3 unseen horrors
  2 kobold demonologists (D:13)
  An ancient zyme (Abyss:2)
  A rime drake (shapeshifter) (D:14)
  5 freezing wraiths
  2 yaktaur zombies (Vaults:3)
  10 komodo dragons
  2 efreet
  A hellwing (Swamp:4)
  2 tengu conjurers
  A minotaur skeleton (Crypt:3)
  35 yaktaurs
  3 jumping spiders
  A redback zombie (D:15)
  5 polar bears
  4 trolls
  An iron troll skeleton (Crypt:1)
  A harpy zombie (Crypt:1)
  20 hornets
  2 hornets (shapeshifter)
  Prince Ribbit (D:5)
  2 bloated husks
  2 jumping spiders (shapeshifter)
  A shadow dragon simulacrum (Depths:2)
  2 wind drakes (shapeshifter) (Depths:2)
  11 tyrant leeches
  10 dream sheep (Lair:6)
  53 slime creatures
  2 harpy skeletons
  A snapping turtle (Lair:6)
  4 blink frogs (Lair:6)
  6 raiju
  A stone giant simulacrum (Vaults:1)
  A raiju (shapeshifter) (Depths:2)
  A centaur simulacrum (Crypt:2)
  A spectral black mamba (Crypt:3)
  7 starcursed masses
  10 redbacks
  3 tarantellas
  61 flying skulls
  14 wraiths
  A spriggan (shapeshifter) (D:13)
  4 shadows
  3 vampires (Vaults:3)
  An air elemental (Elf:3)
  Eustachio (D:6)
  3 water elementals
  51 yaks
  16 wyverns
  4 neqoxecs
  16 fire elementals
  A golden eye (Slime:5)
  A steam dragon (D:8)
  Grum (D:9)
  6 hogs
  A human (shapeshifter) (Abyss:2)
  7 basilisks
  7 vampire mosquitoes
  2 spatial vortices
  5 chaos spawn
  20 nagas
  4 wargs
  A monstrous demonspawn zombie (Abyss:2)
  3 acid dragons
  12 swamp worms
  8 large abominations
  24 water moccasins
  2 ogre skeletons
  A hornet zombie (D:14)
  A merfolk skeleton (Crypt:2)
  3 sky beasts (D:7)
  2 swamp drakes
  A two-headed ogre skeleton (Crypt:2)
  6 necrophages
  34 orc warriors
  5 ice beasts
  A black bear (D:4)
  6 ogres
  16 wolves
  A wolf (shapeshifter) (Depths:2)
  5 boggarts (Vaults:4)
  2 human skeletons
  A swamp dragon skeleton (Crypt:2)
  8 centaurs
  3 kobold brigands
  14 bullfrogs
  5 earth elementals
  Blork the orc (D:5)
  A gnoll sergeant (D:8)
  A scorpion (D:6)
  A yaktaur skeleton (Crypt:2)
  A komodo dragon skeleton (Crypt:2)
  6 small abominations
  6 electric eels
  8 wights
  6 howler monkeys
  7 centaur zombies
  5 lava snakes (Lair:4)
  2 bullfrog zombies
  3 hounds
  6 centaur skeletons
  36 orc priests
  A bullfrog skeleton (D:5)
  12 iguanas
  A jelly (D:8)
  27 orc wizards
  8 hell rats (Lair:5)
  2 lightning spires (WizLab)
  An acid dragon zombie (Crypt:2)
  A demigod zombie (Crypt:1)
  A tengu skeleton (Crypt:1)
  A hound zombie (Crypt:2)
  A hound skeleton (Crypt:2)
  2 mummies (D:14)
  7 gnolls
  12 adders
  2 white imps
  An adder skeleton (D:4)
  2 worms
  A dart slug (D:1)
  72 orcs
  3 endoplasms
  5 giant cockroaches
  5 goblins
  3 hobgoblins
  3 quokkas
  3 ball pythons
  A ball python zombie (Crypt:1)
  10 bats
  19 frilled lizards
  A hobgoblin zombie (Crypt:1)
  23 kobolds
  A kobold zombie (Crypt:2)
  5 rats
  A briar patch (Swamp:4)
  A butterfly (D:4)
2306 creatures vanquished.

Vanquished Creatures (collateral kills)
  Bai Suzhen (Swamp:3)
  Josephine (Snake:1)
  An anaconda (Snake:1)
  A guardian serpent (Snake:4)
  A smoke demon (Zig:3)
  A naga mage (Snake:3)
  A jumping spider (Zig:6)
  A hornet (Zig:6)
  A redback (Zig:6)
  2 wraiths (Snake:1)
  A tarantella (Zig:6)
  A naga (Snake:4)
13 creatures vanquished.

Vanquished Creatures (others)
  A shock serpent (Snake:4)
  A spriggan druid (Swamp:4)
  A wizard (Vaults:2)
  A moth of wrath (Zot:5)
  A bloated husk (Swamp:2)
  A human (Lair:4)
  A naga zombie (Crypt:2)
  2 nagas
  An ice beast (shapeshifter) (Depths:2)
  A frilled lizard (Lair:2)
  A briar patch (Swamp:4)
  136 foxfires
  30 fungi
  44 plants
  2 starspawn tentacles (Abyss:2)
  3 withered plants (D:14)
227 creatures vanquished.

Grand Total: 2546 creatures vanquished

Notes
Turn   | Place    | Note
-------+----------+-------------------------------------------
     0 | D:1      | miscthings the Vine Stalker Cinder Acolyte began the quest
                  | for the Orb.
     0 | D:1      | Reached XP level 1. HP: 11/11 MP: 3/3
   241 | D:1      | Reached XP level 2. HP: 9/16 MP: 5/5
   244 | D:1      | Learned a level 2 spell: Scorch
   792 | D:1      | Reached XP level 3. HP: 18/19 MP: 4/7
   987 | D:1      | Found a faded altar of an unknown god.
  1584 | D:2      | Gained mutation: Your natural rate of healing is unusually
                  | fast. [Vine Stalker growth]
  1584 | D:2      | Reached XP level 4. HP: 23/23 MP: 1/9
  2321 | D:3      | Found a shadowy altar of Dithmenos.
  2463 | D:3      | Reached XP level 5. HP: 27/27 MP: 5/10
  2709 | D:4      | Found a bloodstained altar of Trog.
  2709 | D:4      | Found a glowing golden altar of the Shining One.
  2710 | D:4      | Found an ancient bone altar of Kikubaaqudgha.
  2858 | D:4      | Noticed a black bear
  2876 | D:4      | Killed a black bear
  2877 | D:4      | Reached skill level 5 in Fire Magic
  2877 | D:4      | Reached XP level 6. HP: 22/32 MP: 1/12
  2906 | D:4      | Found a white marble altar of Elyvilon.
  3174 | D:4      | Noticed Pikel
  3207 | D:4      | Killed Pikel
  3208 | D:4      | Reached skill level 5 in Maces & Flails
  3208 | D:4      | Reached XP level 7. HP: 35/35 MP: 4/14
  3358 | D:4      | Found a blossoming altar of Fedhas.
  3748 | D:4      | Found a shimmering altar of Xom.
  3921 | D:5      | Entered Level 5 of the Dungeon
  3952 | D:5      | Noticed Prince Ribbit
  3968 | D:5      | Killed Prince Ribbit
  3969 | D:5      | Gained mutation: You have razor-sharp teeth. [Vine Stalker
                  | growth]
  3969 | D:5      | Reached XP level 8. HP: 25/39 MP: 6/15
  4151 | D:5      | Identified the +8 short sword "Wyipliyv" {speed, Will+
                  | Int+4 Dex-2 SInv}
  4306 | D:5      | Found a radiant altar of Vehumet.
  4320 | D:5      | Noticed Blork the orc
  4327 | D:5      | Killed Blork the orc
  4328 | D:5      | Reached skill level 1 in Short Blades
  4763 | D:6      | Reached XP level 9. HP: 45/45 MP: 16/16
  4995 | D:6      | Reached skill level 5 in Short Blades
  5501 | D:6      | Noticed Eustachio
  5520 | D:6      | Killed Eustachio
  5841 | D:7      | Found a staircase to the Ecumenical Temple.
  5856 | D:7      | Reached XP level 10. HP: 50/50 MP: 13/17
  6469 | D:8      | Found a staircase to the Lair.
  6501 | D:7      | Reached skill level 10 in Short Blades
  6583 | D:8      | Noticed Maggie
  6583 | D:8      | Noticed a two-headed ogre
  6603 | D:7      | Killed a two-headed ogre
  6819 | D:8      | Identified 2 scrolls of acquirement
  6819 | D:8      | Acquired the +2 pair of gloves of Luinae {Int+7 Dex+4}
  6834 | D:8      | Acquired the ring of Oceahawk {Will+ Int+7 SInv}
  6842 | D:8      | Learned a level 3 spell: Mephitic Cloud
  6969 | D:8      | Reached skill level 1 in Conjurations
  7075 | D:8      | Found a basalt altar of Yredelemnul.
  7172 | D:8      | Reached skill level 1 in Air Magic
  7413 | D:8      | Killed Maggie
  7414 | D:8      | Reached XP level 11. HP: 50/53 MP: 18/18
  7546 | D:9      | Noticed Erica
  7553 | D:9      | Killed Erica
  7606 | D:9      | Noticed Maurice
  7612 | D:9      | Killed Maurice
  7693 | D:9      | Noticed Psyche
  7694 | D:9      | Noticed a two-headed ogre
  7701 | D:9      | Killed a two-headed ogre
  7702 | D:9      | Reached skill level 5 in Conjurations
  7704 | D:9      | Killed Psyche
  7764 | D:9      | Learned a level 3 spell: Ignite Poison
  7782 | D:9      | Reached skill level 1 in Evocations
  7804 | D:9      | Reached skill level 1 in Armour
  7874 | D:9      | Reached skill level 1 in Shields
  7878 | D:9      | Reached skill level 1 in Dodging
  7910 | D:9      | Noticed Grum
  7919 | D:9      | Killed Grum
  8228 | D:10     | Entered Level 10 of the Dungeon
  8228 | D:10     | Found a staircase to the Orcish Mines.
  8383 | D:10     | Noticed a centaur warrior
  8396 | D:10     | Killed a centaur warrior
  8460 | D:10     | Found a hazy altar of Hepliaklqana.
  8482 | D:10     | Noticed a two-headed ogre
  8492 | D:10     | Killed a two-headed ogre
  8675 | D:10     | Learned a level 5 spell: Borgnjor's Vile Clutch
  8941 | D:11     | Noticed a two-headed ogre
  8948 | D:11     | Killed a two-headed ogre
  8949 | D:11     | Reached skill level 5 in Fighting
  8949 | D:11     | Reached skill level 5 in Spellcasting
  8982 | D:11     | Reached XP level 12. HP: 50/60 MP: 10/20
  8989 | D:11     | Reached skill level 1 in Necromancy
  8989 | D:11     | Reached skill level 1 in Earth Magic
  9148 | D:11     | Noticed a two-headed ogre
  9159 | D:11     | Killed a two-headed ogre
  9732 | D:12     | Found Horahi's Antique Weapon Boutique.
  9844 | D:12     | Reached skill level 2 in Necromancy
  9874 | D:12     | Learned a level 6 spell: Iron Shot
  9998 | D:12     | Found a runed translucent door.
  9999 | D:12     | Found a shimmering altar of Xom.
  9999 | D:12     | Noticed crescentfresh's ghost (journeyman FeBe)
 10073 | D:12     | Noticed a two-headed ogre
 10080 | D:12     | Killed a two-headed ogre
 10172 | D:12     | Noticed Fannar
 10183 | D:12     | Killed Fannar
 10376 | D:13     | Reached skill level 5 in Armour
 10455 | D:13     | Noticed a sun demon
 10587 | Lair:1   | Entered Level 1 of the Lair of Beasts
 10802 | Lair:1   | Reached XP level 13. HP: 62/63 MP: 18/22
 11194 | Lair:1   | Noticed Sonja
 11203 | Lair:1   | Killed Sonja
 11766 | Lair:2   | Found a staircase to the Swamp.
 13452 | Lair:4   | Noticed Urug
 13462 | Lair:4   | Killed Urug
 13463 | Lair:4   | Reached skill level 3 in Necromancy
 13727 | Lair:4   | Noticed Kirke
 13779 | Lair:4   | Killed Kirke
 13846 | Lair:4   | Reached XP level 14. HP: 69/69 MP: 24/24
 13941 | Lair:4   | Found a staircase to the Snake Pit.
 14733 | Lair:5   | Reached skill level 4 in Necromancy
 15628 | Lair:6   | Entered Level 6 of the Lair of Beasts
 15807 | Lair:6   | Reached skill level 5 in Shields
 15992 | Lair:6   | Reached skill level 5 in Evocations
 16033 | Lair:6   | Reached skill level 5 in Earth Magic
 16060 | Lair:6   | Reached skill level 5 in Necromancy
 16269 | Lair:6   | Reached XP level 15. HP: 70/74 MP: 25/27
 16407 | Lair:6   | Reached skill level 5 in Dodging
 16736 | Lair:6   | Found a staircase to the Slime Pits.
 16902 | Lair:6   | Reached skill level 10 in Armour
 17644 | Orc:1    | Entered Level 1 of the Orcish Mines
 17991 | Orc:2    | Entered Level 2 of the Orcish Mines
 18221 | Orc:2    | Found a staircase to the Elven Halls.
 18285 | Orc:2    | Reached skill level 6 in Necromancy
 18581 | Orc:2    | Found Goadwet's Armour Emporium.
 18581 | Orc:2    | Found Yvvacy Gunu's General Store.
 18587 | Orc:2    | Found Fuledupoh's Distillery.
 18587 | Orc:2    | Found Cytyquc's Distillery.
 18602 | Orc:2    | Bought a potion of mutation for 128 gold pieces
 18684 | Orc:2    | Found Ytiod's Overcharged Wands.
 18929 | Temple   | Entered the Ecumenical Temple
 19246 | Temple   | Fell from the grace of Ignis
 19246 | Temple   | Became a worshipper of Makhleb the Destroyer
 19624 | D:13     | Found a gate to the Vaults.
 19660 | D:13     | You fall into a shaft and drop 2 floors!
 19660 | D:15     | Entered Level 15 of the Dungeon
 19771 | D:15     | Reached * piety under Makhleb
 19778 | D:15     | Reached XP level 16. HP: 51/81 MP: 29/29
 19958 | D:15     | Found a sparkling altar of Nemelex Xobeh.
 20423 | D:15     | Found a staircase to the Depths.
 20686 | D:14     | Reached ** piety under Makhleb
 20750 | D:14     | You fall into a shaft and drop 1 floor!
 20972 | D:14     | You fall into a shaft and drop 1 floor!
 20972 | D:15     | Was forgiven by Ignis
 21118 | D:14     | Identified the +7 war axe of Queruikk {vorpal, SInv}
 21388 | D:13     | Identified the +5 ring mail of Taoq {Str+5 Int+8 Dex-4}
 22113 | Snake:1  | Entered Level 1 of the Snake Pit
 22171 | Snake:1  | Noticed Josephine
 22175 | Snake:1  | Killed Josephine
 22187 | Snake:1  | Reached skill level 7 in Necromancy
 23284 | Snake:2  | Reached *** piety under Makhleb
 23661 | Snake:2  | Reached XP level 17. HP: 86/86 MP: 20/31
 24209 | Snake:3  | Reached **** piety under Makhleb
 24561 | Snake:3  | Found Xipapsop's Jewellery Shop.
 24562 | Snake:3  | Found Pumna's Distillery.
 24562 | Snake:3  | Found Nolaop's Magic Scroll Shop.
 24568 | Snake:3  | Found Emmy Yzo's Weapon Boutique.
 24573 | Snake:3  | Bought a potion of attraction for 45 gold pieces
 24573 | Snake:3  | Bought a potion of might for 60 gold pieces
 24579 | Snake:3  | Bought a scroll of magic mapping for 42 gold pieces
 24579 | Snake:3  | Bought a scroll of blinking for 90 gold pieces
 24579 | Snake:3  | Bought a scroll of blinking for 90 gold pieces
 24579 | Snake:3  | Bought a scroll of teleportation for 36 gold pieces
 24579 | Snake:3  | Bought a scroll of identify for 24 gold pieces
 24579 | Snake:3  | Bought a scroll of fog for 24 gold pieces
 24589 | Snake:3  | Bought the ring "Docergh" {rF+ rN+ Int-5 Slay+5 SInv} for
                  | 967 gold pieces
 24821 | Snake:4  | Entered Level 4 of the Snake Pit
 24953 | Snake:4  | Found Havoish's Magic Scroll Boutique.
 25038 | Snake:4  | Found Nerekomu's Antique Weapon Shoppe.
 25113 | Snake:4  | Bought a scroll of fog for 20 gold pieces
 25113 | Snake:4  | Bought a scroll of fog for 20 gold pieces
 25160 | Snake:4  | Noticed Aizul
 25184 | Snake:4  | Killed Aizul
 25228 | Snake:4  | Found Afalabaw's Armour Shoppe.
 25257 | Snake:4  | Found Maadid's Antique Weapon Emporium.
 25270 | Snake:4  | Bought a slimy flail for 331 gold pieces
 25270 | Snake:4  | Identified the +10 flail of Putrescence {venom, rElec rPois
                  | rN+} (You bought it in a shop on level 4 of the Snake Pit)
 25275 | Snake:4  | Noticed Vashnia
 25289 | Snake:4  | Killed Vashnia
 25556 | Snake:4  | Found Beubb's Weapon Shop.
 25562 | Snake:4  | Learned a level 4 spell: Flame Wave
 25744 | Snake:4  | Noticed Donald
 25769 | Snake:4  | Killed Donald
 25770 | Snake:4  | Reached skill level 10 in Shields
 25882 | Snake:4  | Reached ***** piety under Makhleb
 25948 | Snake:4  | Noticed a quicksilver dragon
 25955 | Snake:4  | Noticed a quicksilver dragon
 25959 | Snake:4  | Killed a quicksilver dragon
 25966 | Snake:4  | Killed a quicksilver dragon
 26047 | Snake:4  | Got a serpentine rune of Zot
 26535 | Swamp:1  | Entered Level 1 of the Swamp
 26643 | Swamp:1  | Reached XP level 18. HP: 91/91 MP: 13/32
 27192 | Swamp:2  | Noticed Frances
 27215 | Swamp:2  | Killed Frances
 27573 | Swamp:2  | Identified the +1 glaive "Imp's Funeral" {antimagic, Dex+2}
 27939 | Swamp:3  | Acquired the +0 cloak of Hiyz {Fly rF+ rCorr}
 28232 | Swamp:3  | Noticed Bai Suzhen
 28259 | Swamp:3  | Killed Bai Suzhen
 28493 | Swamp:4  | Entered Level 4 of the Swamp
 28548 | Swamp:4  | Reached ****** piety under Makhleb
 28726 | Swamp:4  | Reached skill level 15 in Shields
 28947 | Swamp:4  | Got the Disquisition on Ignition and Attacks
 28955 | Swamp:4  | Noticed a tentacled monstrosity
 28975 | Swamp:4  | Killed a tentacled monstrosity
 29045 | Swamp:4  | Reached XP level 19. HP: 90/95 MP: 30/33
 29150 | Swamp:4  | Got a decaying rune of Zot
 29858 | Elf:1    | Entered Level 1 of the Elven Halls
 29920 | Elf:1    | Noticed Louise
 29938 | Elf:1    | Killed Louise
 30014 | Elf:1    | Acquired a +2 eveningstar of venom
 30137 | Elf:1    | Reached skill level 10 in Spellcasting
 30703 | Elf:1    | Found a radiant altar of Vehumet.
 30717 | Elf:2    | Reached skill level 10 in Conjurations
 30749 | Elf:2    | Found a runed translucent gate.
 30749 | Elf:2    | Found a runed translucent gate.
 30760 | Elf:2    | Found a runed translucent gate.
 30829 | Elf:2    | Found a gateway to a bazaar.
 30848 | Bazaar   | Entered a bazaar
 30848 | Bazaar   | Found Pigiem's Armour Boutique.
 30848 | Bazaar   | Found Plog's Weapon Shop.
 30848 | Bazaar   | Found Iquas's Weapon Shop.
 31449 | Elf:3    | Entered Level 3 of the Elven Halls
 31513 | Elf:3    | Paralysed by an air elemental for 1 turns
 31848 | Elf:3    | Identified the +2 scale mail of Qegoqono {*Corrode rElec
                  | Int+4}
 32327 | Elf:3    | Reached XP level 20. HP: 84/100 MP: 4/36
 32335 | Elf:3    | Identified the ring of Evouck {rElec AC+4}
 32467 | Elf:3    | Identified the amulet "Iqeorehi" {Drain rN+ Regen+ Str+4
                  | Dex+2}
 32819 | Elf:3    | Learned a level 8 spell: Necromutation
 33563 | Vaults:1 | Entered Level 1 of the Vaults
 33630 | Vaults:1 | Reached skill level 10 in Maces & Flails
 33764 | Vaults:1 | Found a magical portal.
 33769 | WizLab   | Entered Maxwell's Workshop
 34041 | WizLab   | Identified the ring of Acuw {Ice Str+2 Int+4 Dex+4}
 34046 | WizLab   | Identified the ring of Queheo Umaff {Fire Str+10}
 34171 | WizLab   | Identified the amulet of Xom's Full Attention {RegenMP
                  | Int+3}
 34198 | WizLab   | Noticed an electric golem
 34217 | WizLab   | Killed an electric golem
 34493 | WizLab   | Identified the +0 pair of boots of the Enchanted Forest
                  | {+Inv Str+3}
 34509 | WizLab   | Identified the ring of Xom's Capriciousness {Fire Contam
                  | rPois Str-5 Int+9}
 34979 | Vaults:1 | Found Waussar's Armour Boutique.
 35159 | Vaults:1 | Acquired the +2 shield of Resistance {rF++ rC++ Will++}
 35159 | Vaults:1 | Found the +2 shield of Resistance {rF++ rC++ Will++}
 35613 | Snake:4  | Upgraded the game from 0.28-a0-563-gf77a47075d to
                  | 0.28-a0-577-gb193047a1f
 36285 | D:12     | Killed crescentfresh's ghost
 36715 | Vaults:2 | Reached XP level 21. HP: 104/104 MP: 37/37
 36865 | Vaults:2 | Found Zips's Antique Weapon Shoppe.
 37219 | Vaults:2 | Reached skill level 15 in Maces & Flails
 37464 | Vaults:2 | Found Ydukkazag's Antique Weapon Emporium.
 37469 | Vaults:2 | Bought a scorched mace for 296 gold pieces
 37469 | Vaults:2 | Identified the +10 mace "Quohefor" {drain, rPois Stlth+}
                  | (You bought it in a shop on level 2 of the Vaults)
 37898 | Vaults:2 | Found Uhuss's Antique Armour Shop.
 37911 | Vaults:2 | Bought a distressingly furry chain mail for 380 gold pieces
 37911 | Vaults:2 | Identified the +10 chain mail of Exclusion {Fly rElec} (You
                  | bought it in a shop on level 2 of the Vaults)
 38128 | Vaults:3 | Reached skill level 8 in Necromancy
 38606 | Vaults:3 | Found Soisit Wekh's Distillery.
 38830 | Vaults:3 | Found a staircase to the Crypt.
 39359 | Vaults:4 | Identified the +3 scale mail of Okeoradu {rN+ Int+5 Stlth-}
 39379 | Vaults:4 | Reached XP level 22. HP: 109/109 MP: 36/38
 39535 | Vaults:4 | Noticed Saint Roka
 39580 | Vaults:4 | Killed Saint Roka
 39735 | Vaults:4 | Reached skill level 9 in Necromancy
 40863 | Slime:1  | Entered Level 1 of the Pits of Slime
 40970 | Slime:4  | Reached skill level 10 in Fighting
 40983 | Slime:5  | Entered Level 5 of the Pits of Slime
 41024 | Slime:5  | Noticed the Royal Jelly
 41103 | Slime:5  | Found a viscous altar of Jiyva.
 41114 | Slime:5  | Found the +4 robe of Folly {Brilliance Will-∞ Int+8}
 41544 | Slime:5  | Killed the Royal Jelly
 41603 | Slime:5  | Identified the +4 spear of Fatigue {protect, rC+++ rCorr
                  | Int-3 Dex-4}
 41605 | Slime:5  | Identified the +2 robe of Duck's Teeth {MP+9 Str+2 Slay+3}
 41623 | Slime:5  | Got a slimy rune of Zot
 41659 | Slime:5  | Identified the +4 glaive "Memi Eca" {drain, *Noise rCorr
                  | Str+3 Dex+2}
 41685 | Slime:5  | Identified the +12 hunting sling of Gyiseu {venom, Dex+3}
 41688 | Slime:5  | Identified the +4 hand axe "Nilymmyf" {vorpal, *Corrode
                  | rPois Str+5 Int+2}
 42139 | Depths:1 | Entered Level 1 of the Depths
 42195 | Depths:1 | Found a gateway to Hell.
 42253 | Depths:1 | Found a white marble altar of Elyvilon.
 42354 | Depths:1 | Learned a level 6 spell: Statue Form
 42402 | Depths:1 | Reached skill level 10 in Necromancy
 42427 | Depths:1 | Reached skill level 1 in Transmutations
 42478 | Depths:1 | Found a one-way gate to the infinite horrors of the Abyss.
 42610 | Depths:1 | Reached XP level 23. HP: 116/116 MP: 39/39
 42981 | Depths:1 | Found Eqabra's Distillery.
 42989 | Depths:1 | Bought a potion of might for 92 gold pieces
 42989 | Depths:1 | Bought a potion of lignification for 69 gold pieces
 43202 | Depths:2 | Found a runed translucent gate.
 43203 | Depths:2 | Found a runed translucent gate.
 43203 | Depths:2 | Found a runed translucent gate.
 43402 | Depths:2 | You are sucked into a shaft and drop 2 floors!
 43402 | Depths:4 | Entered Level 4 of the Depths
 43402 | Depths:4 | Noticed a caustic shrike
 43404 | Depths:4 | Noticed a caustic shrike
 43405 | Depths:4 | Noticed a caustic shrike
 43405 | Depths:4 | Noticed a caustic shrike
 43407 | Depths:4 | Noticed a caustic shrike
 43411 | Depths:4 | Noticed a caustic shrike
 43411 | Depths:4 | Noticed a caustic shrike
 43411 | Depths:4 | Noticed a caustic shrike
 43411 | Depths:4 | Noticed a caustic shrike
 43466 | Depths:4 | Killed a caustic shrike
 43472 | Depths:4 | Killed a caustic shrike
 43479 | Depths:4 | Killed a caustic shrike
 43483 | Depths:4 | Killed a caustic shrike
 43492 | Depths:4 | Found a one-way gate leading to the halls of Pandemonium.
 43494 | Depths:4 | Killed a caustic shrike
 43501 | Depths:4 | Killed a caustic shrike
 43504 | Depths:4 | Killed a caustic shrike
 43514 | Depths:4 | Killed a caustic shrike
 43515 | Depths:4 | Reached skill level 10 in Evocations
 43520 | Depths:4 | Killed a caustic shrike
 43627 | Depths:4 | Noticed a juggernaut
 43642 | Depths:4 | Killed a juggernaut
 43683 | Depths:4 | Found a gate to the Realm of Zot.
 43683 | Depths:4 | Noticed a golden dragon
 43726 | Depths:4 | Killed a golden dragon
 43767 | Depths:4 | Reached skill level 11 in Necromancy
 43793 | Depths:4 | Identified the +6 short sword of Buduemog {pain, Contam rC+
                  | SInv}
 43904 | Depths:4 | Found a gateway to a ziggurat.
 43993 | Depths:4 | Reached skill level 5 in Transmutations
 44019 | Depths:4 | Identified the +10 great sword of the Goat {vorpal, rF-
                  | Str+4 Int+2}
 44034 | Depths:4 | Found a hazy altar of Hepliaklqana.
 44228 | Depths:4 | Upgraded the game from 0.28-a0-577-gb193047a1f to
                  | 0.28-a0-580-ga2639ab843
 44515 | Depths:3 | Reached skill level 10 in Dodging
 44635 | Depths:3 | Reached XP level 24. HP: 124/124 MP: 39/39
 44720 | Depths:3 | Identified the +3 scale mail "Ututane" {+Inv Will- Str+2
                  | Dex+7}
 45066 | Depths:2 | Identified the +4 chain mail "Hokeydora" {rElec Dex+4}
 45231 | Depths:2 | Found an ornate altar of the Wu Jian Council.
 45389 | Depths:2 | Found Kuteab's Book Shoppe.
 45390 | Depths:2 | Found Mahaeqaqo's Jewellery Boutique.
 45391 | Depths:2 | Found Monesada's Book Shoppe.
 45546 | Depths:2 | Identified the amulet of Dim Light {Spirit Dex+3}
 45556 | Depths:2 | Noticed a caustic shrike
 45567 | Depths:2 | Killed a caustic shrike
 45752 | Depths:2 | Reached skill level 12 in Necromancy
 45783 | Depths:2 | Found a runed translucent gate.
 45783 | Depths:2 | Found a runed translucent gate.
 45791 | Depths:2 | Found a runed translucent gate.
 45794 | Depths:2 | Noticed Usuebad's ghost (adept DgCj)
 46037 | Crypt:1  | Entered Level 1 of the Crypt
 46457 | Crypt:1  | Noticed Frederick
 46480 | Crypt:1  | Killed Frederick
 47183 | Crypt:2  | Reached skill level 10 in Transmutations
 47490 | Crypt:3  | Entered Level 3 of the Crypt
 47838 | Crypt:3  | Found a basalt altar of Yredelemnul.
 47922 | Crypt:3  | Reached XP level 25. HP: 130/130 MP: 36/39
 48489 | Crypt:3  | Found a staircase to the Tomb.
 48489 | Crypt:3  | Noticed an ancient lich
 48509 | Crypt:3  | Killed an ancient lich
 48534 | Crypt:3  | Got the Incunabulum of Black Rites
 48873 | Depths:1 | Voluntarily entered the Abyss.
 49001 | Abyss:2  | Found an ornate altar of the Wu Jian Council.
 49346 | Abyss:3  | Found a bloodstained altar of Trog.
 49358 | Abyss:3  | Found a corrupted altar of Lugonu.
 49420 | Abyss:4  | Found a corrupted altar of Lugonu.
 49508 | Abyss:5  | Entered Level 5 of the Abyss
 49521 | Abyss:5  | Got an abyssal rune of Zot
 49561 | Abyss:5  | Reached skill level 13 in Necromancy
 49740 | Depths:1 | Escaped the Abyss
 49841 | Zot:1    | Entered Level 1 of the Realm of Zot
 49923 | Zot:1    | Noticed an orb of fire
 49947 | Zot:1    | Gained mutation: You are frail. (-10% HP) [an orb of fire]
 49948 | Zot:1    | Killed an orb of fire
 49949 | Zot:1    | Reached skill level 14 in Necromancy
 49982 | Depths:4 | Lost mutation: You are frail. (-10% HP) [potion of
                  | mutation]
 49982 | Depths:4 | Gained mutation: You tend to lose your temper in combat.
                  | [potion of mutation]
 49982 | Depths:4 | Gained mutation: Your flesh is cold resistant. (rC+)
                  | [potion of mutation]
 49982 | Depths:4 | Gained mutation: You heal very quickly. [potion of
                  | mutation]
 50128 | Depths:2 | Killed Usuebad's ghost
 50154 | Depths:2 | Identified the +0 cloak of the Blacksmith {Harm MP+9}
 50852 | Zot:1    | Noticed an orb of fire
 50865 | Zot:1    | Killed an orb of fire
 51179 | Zot:2    | Found Iteganal's CLEARANCE SALE!.
 51229 | Zot:2    | Reached XP level 26. HP: 124/135 MP: 34/40
 51366 | Zot:2    | Reached skill level 15 in Necromancy
 51661 | Zot:2    | Noticed an orb of fire
 52290 | Zot:3    | Reached skill level 15 in Transmutations
 52908 | Zot:4    | Reached skill level 16 in Necromancy
 53105 | Zot:4    | Noticed an orb of fire
 53121 | Zot:4    | Killed an orb of fire
 53342 | Zot:4    | Reached skill level 15 in Spellcasting
 53436 | Zot:4    | Found a runed translucent gate.
 53437 | Zot:4    | Found a runed translucent gate.
 53439 | Zot:4    | Found a runed translucent gate.
 53440 | Zot:4    | Noticed Ytolar's ghost (legendary DsFi)
 53500 | Zot:4    | Killed Ytolar's ghost
 53940 | Zot:4    | Reached skill level 17 in Necromancy
 54082 | Zot:5    | Entered Level 5 of the Realm of Zot
 54207 | Zot:5    | Reached XP level 27. HP: 133/138 MP: 43/43
 54524 | Zot:5    | Learned a level 8 spell: Infestation
 55518 | D:9      | Lost mutation: Your flesh is cold resistant. (rC+) [potion
                  | of mutation]
 55518 | D:9      | Lost mutation: You tend to lose your temper in combat.
                  | [potion of mutation]
 55518 | D:9      | Gained mutation: You are strong-willed. (Will+) [potion of
                  | mutation]
 55518 | D:9      | Gained mutation: You have sharp toenails. [potion of
                  | mutation]
 55609 | D:5      | Learned a level 8 spell: Lehudib's Crystal Spear
 55618 | D:5      | Learned a level 8 spell: Borgnjor's Revivification
 55948 | Zig:1    | Entered Level 1 of a ziggurat
 56010 | Zig:2    | Entered Level 2 of a ziggurat
 56035 | Zig:3    | Entered Level 3 of a ziggurat
 56035 | Zig:3    | Noticed Xemamm the pandemonium lord
 56056 | Zig:3    | Killed Xemamm the pandemonium lord
 56067 | Zig:3    | Identified the +7 hand axe of the Sugar Beet {protect,
                  | Will- Dex+5}
 56160 | Zig:4    | Entered Level 4 of a ziggurat
 56166 | Zig:4    | Identified the +1 helmet of the Meadowlark {rC+ Dex+7}
 56168 | Zig:4    | Identified the +1 robe of Death Resistance {Will+ rCorr
                  | Dex+3}
 56186 | Zig:4    | Identified the ring "Saduxtad" {Fire Will+ MP+9}
 56191 | Zig:4    | Got Ceunirgha's Handbook of Doomed Earth
 56202 | Zig:5    | Entered Level 5 of a ziggurat
 56231 | Zig:5    | Identified the ring of Oseix Cuho {rN++ Will- Str+3 Int+4
                  | Dex+6}
 56290 | Zig:6    | Entered Level 6 of a ziggurat
 56320 | Zig:6    | Identified the +1 leather armour of Melancholy {rElec rC++
                  | Dex-4 Stlth+}
 56330 | Zig:6    | Identified the +10 scimitar "Wupiprac" {vorpal, rElec rC+
                  | Dex+2}
 56376 | Zig:7    | Entered Level 7 of a ziggurat
 56491 | Depths:4 | Learned a level 6 spell: Conjure Ball Lightning
 56533 | Pan      | Entered Pandemonium
 56776 | Pan      | Found a glowing silver altar of Zin.
 57249 | Pan      | Found a white marble altar of Elyvilon.
 57294 | Pan      | Reached skill level 18 in Necromancy
 57881 | Pan      | Noticed a seraph
 57938 | Pan      | HP: 3/138 [angel[a seraph] (12)]
 57938 | Pan      | Mangled by an angel

Illustrated notes

Levels and vault maps discovered:
D:1:      minmay_arrival_jagged, layout_loops_ring,
          shapermc_ecumenical_altar_petra, st_stairs_1, minmay_misc_feat_tiny,
          hex_tiny, minmay_quantized
D:2:      minmay_inner_zag, layout_basic
D:3:      layout_rooms, nicolae_dithmenos_shadow_blocks
D:4:      layout_layer_cave, mainiacjoe_overflow_small_starburst,
          xom_butterflies, chequers_temple_overflow_statue_of_worship,
          fedhas_altar_3, uniq_pikel
D:5:      layout_cave_pools, mainiacjoe_overflow_concentric_impassable,
          serial_bayou, serial_bayou_pond_e, serial_bayou_ford_a,
          serial_bayou_pond_c, serial_bayou_shore_b,
          ebering_dispersal_statue_hall, uniq_prince_ribbit1, uniq_blork_the_orc
D:6:      layout_loops_ring, minmay_misc_feat_roman, grunt_potential,
          uniq_eustachio
D:7:      layout_basic, temple_doors_cd, nicolae_benzene_ring,
          minmay_tree_intersection, nicolae_underground_beach
D:8:      layout_basic, mainiacjoe_overflow_brackets, erik_lair_orcish_takeover,
          uniq_maggie
D:9:      layout_roguey, uniq_erica, uniq_psyche, uniq_maurice, uniq_grum
D:10:     layout_basic, mainiacjoe_overflow_surrounded_room, david_orc_2,
          nrook_mini_backslash, columned_hall_lemuel
D:11:     layout_rooms, serial_corexii_hall, chequers_hall_statues_y,
          corexii_hall_statues_x, chequers_hall_statues_wall_a,
          corexii_hall_statues_t, chequers_hall_statues_y,
          corexii_hall_statues_l
D:12:     layout_gridville, ebering_ghost_xom, serial_shops,
          nicolae_stop_n_shop_2, fake_guardian_serpent_vault, uniq_fannar
D:13:     layout_roguey, skrybe_vaults_entry_preservation,
          minmay_misc_feat_encased
D:14:     layout_roguey, serial_undead, serial_undead_d, serial_undead_d,
          serial_undead_e, serial_undead_c
D:15:     grunt_enter_depths_magical_seal, layout_basic,
          nemelex_xobeh_ov_fountains_minmay
Temple:   hc_temple_tempest_star
Lair:1:   layout_cave_pods, minivault_19, serial_bayou_shore_a,
          lemuel_fruit_tree, uniq_sonja
Lair:2:   lemuel_reptile_caves, layout_regular_city, palyth_hydra_swamp_entry,
          chequers_serial_rivers_small_b
Lair:3:   nzn_winding_woodlands_cross [nzn_winding_woodlands_5x15_sawtooth,
          nzn_winding_woodlands_5x15_garden,
          nzn_winding_woodlands_5x15_lazy_stream,
          nzn_winding_woodlands_5x15_twine,
          nzn_winding_woodlands_15x15_killbox], layout_regular_city,
          nicolae_quartered_pool_little, grunt_forest_stairs_basic
Lair:4:   cheibrodos_magma_flow, layout_regular_city,
          minmay_snake_entry_six_corridors, serial_bayou_pond_e, uniq_kirke,
          uniq_urug
Lair:5:   layout_layer_cave, special_room [special_room_mythical_zoo],
          nicolae_lair_grove_arrangements, small_statue_intersection
Lair:6:   gammafunk_lair_ancient_temple, layout_cave_pods,
          minmay_slime_entry_oklob_enclosed
Swamp:1:  layout_basic_swamp, hangedman_swamp_diagram
Swamp:2:  cheibrodos_swamp_heart_of_darkness, layout_basic_swamp,
          serial_swamp_ruin, hangedman_swamp_ruin_wall,
          evilmike_swamp_ruin_house_3, swamp_pool3, uniq_frances
Swamp:3:  layout_falls_marsh, nicolae_swamp_tree_designs,
          infiniplex_staircase_pool_2, uniq_bai_suzhen
Swamp:4:  nzn_swamp_witches_coven, layout_basic_swamp, swamp_pool2
Snake:1:  nicolae_snake_nest, layout_grid_maze,
          nicolae_snake_serpentine_hallways, uniq_josephine
Snake:2:  cheibrodos_snake_lava_hold, layout_basic
Snake:3:  layout_rooms, st_stairs_13, minmay_shoptagon, serial_bayou_shore_b
Snake:4:  hellmonk_snake_rune_quicksilver_temple, layout_basic, serial_shops,
          nicolae_shop_waterfront, shop, nicolae_shop_waterfront,
          nicolae_shop_window_shopping, shop, uniq_aizul, uniq_vashnia,
          uniq_donald
Slime:1:  layout_caves
Slime:2:  layout_caves, basic_altar
Slime:3:  layout_caves, cheibrodos_slime_lost_civilization_5
Slime:4:  layout_caves
Slime:5
Orc:1:    layout_diamond_mine, basic_altar
Orc:2:    st_orc_mages, layout_caves, nicolae_shop_overcharged_wands
Elf:1:    layout_rooms, hangedman_corner_corridor, lemuel_upstairs_altar,
          uniq_louise
Elf:2:    nicolae_elf_blades_splatter_lattice [nicolae_blade_entry_pointy_end],
          layout_geoelf_diagonals, serial_shops, freezing_bzr
Elf:3:    elf_hall_gauntlet_narrow, layout_gridlike, nicolae_twisting_strands,
          drop_trap
Vaults:1: nicolae_vaults_theta, hangedman_vaults_capsules,
          dpeg_vaults_monster_box, v_pattern_3, vaults_dpeg_encased_lava,
          nicolae_vaults_branching_niches, hangedman_vaults_restitches,
          v_misc_17, ontoclasm_vaults_chip, vaults_mumra_lcd,
          layout_vaults_omnibox, mu_enter_wizlab_4
Vaults:2: dpeg_vaults_monster_row, nicolae_vaults_arrows, v_misc_4,
          nicolae_vaults_little_squares_3, vaults_mumra_chevron,
          nicolae_vaults_network_s, vaults_mumra_minichess,
          nicolae_vaults_alarming, grunt_vaults_diagonal, grunt_vaults_bifocal,
          vaults_room_stairs_pillars, layout_vaults_omnicross, serial_shops,
          shop, nicolae_shop_overgrown_old_shop, nicolae_lakefront_shop
Vaults:3: minmay_crypt_entry_vampire_xt, st_more_cells,
          nicolae_vaults_angled_halls, hangedman_vaults_nodes,
          grunt_vaults_twisty, nicolae_vaults_hallways_thing,
          hangedman_vaults_slice, ontoclasm_vaults_ring_large,
          nicolae_vaults_circle_grid_b, vaults_mumra_minichess_inversion,
          vaults_room_fancy_cross, layout_vaults_big_room, serial_shops, shop,
          uniq_margery
Vaults:4: vaults_dpeg_diagonal, nicolae_vaults_theta, nicolae_vaults_rhombus_6,
          vaults_dpeg_hooks, v_alt_pattern_1, v_misc_18,
          vaults_room_hangedman_quadrants, ontoclasm_vaults_pinch,
          nicolae_vaults_asterisk, layout_vaults_omnigrid, uniq_saint_roka
Crypt:1:  layout_chaotic_city, uniq_frederick
Crypt:2:  layout_rooms, serial_sigils_hangedman_etch, st_stairs_8, minivault_19,
          serial_sigils_hangedman_writhe
Crypt:3:  grunt_crypt_end_deaths_head
Depths:1: layout_honeycomb, pf_hell_entry_tar_river, lemuel_round_altar,
          hangedman_abyss_entry_splay, serial_shops,
          nicolae_shop_competitors_out_of_business,
          serial_sigils_hangedman_clutch, kilobyte_rumbling_trees
Depths:2: minmay_the_grid_octo_triangle [minmay_the_grid_octo_77,
          minmay_the_grid_octo_prize_single_spiral,
          minmay_the_grid_octo_toaster], layout_long_grid,
          rand_demon_pan_entry_8, ploomutoo_gammafunk_ghost_potion_laboratory,
          nzn_wu_jian_contemplation, hell_entry, minmay_staircase_statues,
          minmay_shop_grove
Depths:3: minmay_skeletal_surprise, layout_twisted_cross, grunt_metal_band,
          minmay_splitting_lines, abyss_entry
Depths:4: grunt_zot_entry_tricorne, layout_cave_pools, enter_ziggurat_e,
          nzn_hepliaklqana_mist_gate, rand_demon_pan_entry_5, hell_entry
Zot:1:    layout_basic
Zot:2:    layout_gridlike, hangedman_zot_decor_checkerboard,
          nicolae_shop_clearance
Zot:3:    grunt_twist_and_shout, layout_onion_interference
Zot:4:    layout_onion_interference, ebering_ghost_rock_garden,
          grunt_megastairs_5
Zot:5:    layout_basic
Pan:      grunt_pan_sceptre, layout_grid_shapes, nicolae_pan_sigil_obb,
          evilmike_holy_pan

Skill      XL: |  1  2  3  4  5  6  7  8  9 10 11 12 13 14 15 16 17 18 19 20 21 22 23 24 25 26 27 |
---------------+----------------------------------------------------------------------------------+-----
Spellcasting   | 2 3 4 5 6 7 8 9 11 12 15 | 15.0
Fire Magic     | 4 5 |  5.2
Maces & Flails | 5 6 7 9 14 16 | 16.0
Fighting       | 4 5 6 7 8 9 10 11 12 | 12.4
Short Blades   | 4 8 11 12 | 12.0
Conjurations   | 3 5 6 7 8 9 11 | 11.0
Air Magic      | 2 4 |  4.0
Evocations     | 2 3 5 6 7 8 9 10 | 10.0
Armour         | 2 6 9 10 11 12 13 14 | 14.0
Shields        | 2 3 4 5 6 7 11 15 16 17 | 17.3
Dodging        | 2 3 4 5 6 7 8 10 12 | 12.7
Necromancy     | 2 3 5 6 7 8 10 11 12 14 17 18 | 18.5
Earth Magic    | 2 3 5 6 7 8 |  8.0
Transmutations | 1 5 11 14 16 17 | 17.0
Stealth        | |  0.1

Action                   |  1- 3 |  4- 6 |  7- 9 | 10-12 | 13-15 | 16-18 | 19-21 | 22-24 | 25-27 || total
-------------------------+-------+-------+-------+-------+-------+-------+-------+-------+-------++-------
Melee: Mace              |    79 |    25 |       |       |       |       |       |       |       ||   104
       Bite              |    10 |     3 |    37 |   173 |   627 |   631 |   713 |   933 |  1084 ||  4211
       Whip              |       |       |    31 |       |       |       |       |       |       ||    31
       Short sword       |       |       |   132 |   470 |  1567 |  1345 |    86 |       |       ||  3600
       Flail             |       |       |       |       |       |     8 |  1100 |  1032 |  1079 ||  3219
       Eveningstar       |       |       |       |       |       |       |       |   489 |   757 ||  1246
Throw: Dart              |       |       |       |     2 |       |       |       |       |       ||     2
       Throwing net      |       |       |       |       |       |       |       |     1 |       ||     1
 Cast: Scorch            |    18 |    28 |    64 |    50 |    23 |       |       |       |       ||   183
       Mephitic Cloud    |       |       |       |    41 |    99 |    53 |    37 |    16 |       ||   246
       Ignite Poison     |       |       |       |    21 |    29 |    19 |     3 |     1 |       ||    73
       Borgnjor's Vile C |       |       |       |       |     3 |   123 |   120 |    77 |    92 ||   415
       Flame Wave        |       |       |       |       |       |    11 |     1 |       |     1 ||    13
       Iron Shot         |       |       |       |       |       |     1 |    18 |     6 |     3 ||    28
       Statue Form       |       |       |       |       |       |       |       |     2 |     3 ||     5
       Necromutation     |       |       |       |       |       |       |       |       |     7 ||     7
       Infestation       |       |       |       |       |       |       |       |       |     3 ||     3
Invok: Foxfire Swarm     |       |     2 |     4 |     1 |       |       |       |       |       ||     7
       Sea of Fire       |       |       |     1 |       |       |       |       |       |       ||     1
 Abil: End Transformatio |       |       |       |       |       |       |       |       |     1 ||     1
Evoke: Piece from Xom's  |       |       |     4 |       |       |       |       |       |       ||     4
       Wand              |       |       |     1 |     8 |    34 |    38 |    20 |    16 |    10 ||   127
       Tin of tremorston |       |       |       |     2 |     1 |       |     1 |     2 |     1 ||     7
       Condenser vane    |       |       |       |       |       |       |       |     1 |     1 ||     2
       Phantom mirror    |       |       |       |       |       |       |       |       |     1 ||     1
  Use: Scroll            |       |     3 |     3 |     8 |     4 |    24 |    16 |     8 |    11 ||    77
       Potion            |       |       |       |       |       |       |     1 |     3 |     4 ||     8
 Stab: Confused          |       |       |     1 |    20 |    71 |    36 |    21 |    13 |     1 ||   163
       Paralysed         |       |       |       |     6 |     3 |     4 |     5 |     4 |     2 ||    24
       Sleeping          |       |       |       |       |       |       |     4 |       |       ||     4
Armor: Robe              |    18 |       |     1 |    42 |       |       |    97 |       |       ||   158
       Ring mail         |    35 |    17 |    79 |    84 |   380 |   333 |   144 |   387 |   652 ||  2111
       Acid dragon scale |       |       |       |       |    54 |       |       |       |       ||    54
       Skin              |       |       |       |       |       |       |       |    41 |   106 ||   147
Dodge: Dodged            |    68 |    23 |    87 |   121 |   477 |   400 |   389 |   624 |  1058 ||  3247
       Repelled          |       |       |     1 |     2 |    13 |    24 |       |       |       ||    40
Block: Buckler           |       |       |       |       |       |   116 |       |       |       ||   116
       Kite shield       |       |       |       |       |       |   156 |   820 |  1017 |  1491 ||  3484

Table legend: (Time is in decaauts)
 A = Elapsed time spent in this place.
 B = Non-inter-level travel time spent in this place.
 C = Inter-level travel time spent in this place.
 D = Time resting spent in this place.
 E = Time spent auto-exploring this place.
 F = Levels seen in this place.
 G = Mean time per level.
                   A        B        C        D        E       F      G
               +--------+--------+--------+--------+--------+-----+--------+
         Total |  54960 |  47170 |   7790 |   1408 |  30385 |  72 |  763.3 |
       Dungeon |  14421 |  11646 |   2775 |    311 |   8461 |  15 |  961.4 |
        Temple |    345 |    307 |     38 |      0 |    276 |   1 |  345.0 |
          Lair |   8087 |   5960 |   2127 |    131 |   4362 |   6 | 1347.8 |
         Swamp |   2942 |   2799 |    143 |     20 |   1838 |   4 |  735.5 |
     Snake Pit |   4251 |   3734 |    517 |    101 |   2529 |   4 | 1062.8 |
    Slime Pits |    927 |    753 |    174 |     27 |    240 |   5 |  185.4 |
  Orcish Mines |   1221 |   1001 |    220 |      7 |    709 |   2 |  610.5 |
   Elven Halls |   3225 |   2920 |    305 |    137 |   1728 |   3 | 1075.0 |
        Vaults |   5032 |   4596 |    436 |     27 |   3109 |   4 | 1258.0 |
         Crypt |   2513 |   2354 |    159 |      0 |   1206 |   3 |  837.7 |
        Depths |   4264 |   3654 |    610 |    139 |   2172 |   4 | 1066.0 |
           Zot |   4326 |   4045 |    281 |    139 |   2608 |   5 |  865.2 |
         Abyss |    814 |    814 |      0 |      0 |    365 |   5 |  162.8 |
   Pandemonium |   1302 |   1302 |      0 |     12 |    602 |   2 |  651.0 |
      Ziggurat |    496 |    496 |      0 |    184 |      0 |   7 |   70.9 |
        Bazaar |     12 |     12 |      0 |      0 |      7 |   1 |   12.0 |
        Wizlab |    776 |    776 |      0 |    172 |    170 |   1 |  776.0 |
               +--------+--------+--------+--------+--------+-----+--------+

Top non-repeatable levels by time:
  Lair:6: 1763 daAuts
Vaults:2: 1507 daAuts
  Lair:2: 1495 daAuts
   Elf:3: 1460 daAuts
 Snake:4: 1454 daAuts
  Lair:4: 1353 daAuts
  Lair:1: 1259 daAuts
     D:4: 1229 daAuts
Vaults:1: 1224 daAuts
    D:11: 1218 daAuts
  Lair:5: 1215 daAuts
     D:1: 1202 daAuts
Vaults:4: 1199 daAuts
   Zot:4: 1198 daAuts
Depths:2: 1172 daAuts
